 Dungeon Crawl Stone Soup version 0.23-a0-644-gb60d84b635 (webtiles) character file.

23 GordonOverkill the Magician (level 2, -2/20 HPs)
             Began as a Mummy Wizard on Jan 2, 2019.
             Slain by a kobold
             ... wielding a +0 short sword
              (5 damage)
             ... on level 2 of the Dungeon.
             The game lasted 00:02:35 (1151 turns).

GordonOverkill the Magician (Mummy Wizard)          Turns: 1151, Time: 00:02:36

Health: -2/20      AC:  2    Str: 10    XL:     2   Next: 75%
Magic:  1/7        EV: 12    Int: 17    God:
Gold:   30         SH:  0    Dex: 10    Spells: 4/9 levels left

rFire    x . .     SeeInvis .   d - -3 dagger (curse)
rCold    + . .     Gourm    .   (no shield)
rNeg     + + +     Faith    .   a - +0 robe
rPois    ∞         Spirit   .   b - +0 hat
rElec    .         Reflect  .   (no cloak)
rCorr    .         Harm     .   (no gloves)
MR       .....                  (no boots)
Stlth    ++........             (no amulet)
HPRegen  0.06/turn              (no ring)
MPRegen  0.10/turn              (no ring)

@: very slightly contaminated
A: no food or potions, fire vulnerability, cold resistance 1, negative energy
resistance 3, torment resistance, unbreathing
a: no special abilities


You were on level 2 of the Dungeon.
You were not hungry.

You visited 1 branch of the dungeon, and saw 2 of its levels.

You collected 30 gold pieces.

Inventory:

Hand Weapons
 d - a cursed -3 dagger (weapon)
Missiles
 c - 69 stones (quivered)
 g - 8 javelins
Armour
 a - a +0 robe (worn)
 b - a +0 hat (worn)
Jewellery
 f - an uncursed ring of ice
Scrolls
 e - 2 scrolls of identify


   Skills:
 + Level 0.7 Fighting
 + Level 1.8 Dodging
 - Level 1.5 Stealth
 * Level 4.3 Spellcasting
 + Level 1.2 Conjurations
 * Level 1.1 Summonings
 - Level 0.7 Translocations


You had 4 spell levels left.
You knew the following spells:

 Your Spells              Type           Power        Failure   Level  Hunger
a - Magic Dart            Conj           #...         9%          1    N/A
b - Call Imp              Summ           #.......     14%         2    N/A
c - Blink                 Tloc           N/A          17%         2    N/A

Your spell library contained the following spells:

 Spells                   Type           Power        Failure   Level  Hunger
 Slow                     Hex            #.......     22%         2    N/A
 Conjure Flame            Conj/Fire      #.......     34%         3    N/A
 Mephitic Cloud           Conj/Pois/Air  #.......     36%         3    N/A

Dungeon Overview and Level Annotations

Branches:
Dungeon (2/15)

Altars:


Innate Abilities, Weirdness & Mutations

You do not eat or drink.
Your flesh is vulnerable to fire.
You are immune to poison.
Your flesh is cold resistant. (rC+)
You are immune to negative energy. (rN+++)
You are immune to unholy pain and torment.
You can survive without breathing.


Message History

Casting: Magic Dart (safe; 9% risk of failure)
Confirm with . or Enter, or press ? or * to list all spells.
Aiming: Magic Dart (safe; 9% risk of failure)
Press: ? - help, Shift-Dir - straight line, f/p - adder
Aim: an adder (severely wounded)
The magic dart hits the adder.
The adder is almost dead.
The bat barely misses you. The adder bites you.
The kobold hits you with a +0 short sword.
* * * LOW HITPOINT WARNING * * *
The adder bites you but does no damage.
You miss the adder.
The adder is almost dead.
The bat hits you but does no damage. The adder bites you but does no damage.
The kobold misses you.
You closely miss the adder.
The adder is almost dead.
The bat misses you. The adder barely misses you.
The kobold hits you with a +0 short sword.
You die...

### #@#
#K.S#
.......
#.#..b##.#
#.##.## #
# ... #.#
...


You could see an adder, a bat and a kobold.

Vanquished Creatures
  A dart slug (D:1)
  A ball python (D:1)
  3 bats (D:1)
  A giant cockroach (D:1)
  2 hobgoblins (D:1)
  2 kobolds
  3 frilled lizards (D:1)
  4 goblins (D:1)
  4 rats (D:1)
21 creatures vanquished.

Notes
Turn   | Place    | Note
-------+----------+-------------------------------------------
     0 | D:1      | GordonOverkill the Mummy Wizard began the quest for the
                  | Orb.
     0 | D:1      | Reached XP level 1. HP: 13/13 MP: 5/5
    32 | D:1      | Reached skill level 1 in Conjurations
   438 | D:1      | Reached XP level 2. HP: 20/20 MP: 5/7
   744 | D:1      | Learned a level 2 spell: Call Imp
   760 | D:1      | Learned a level 2 spell: Blink
   953 | D:1      | Reached skill level 1 in Summonings
  1151 | D:2      | Slain by a kobold

Vault maps used:
D:1:      dpeg_arrival_pond, minmay_misc_feat_chi
D:2:      chequers_arboretum, grunt_gozag_statues

Skill      XL: |  1  2 |
---------------+-------+-----
Conjurations   | 1 |  1.2
Summonings     | 1 |  1.1
Fighting       | |  0.7
Dodging        | |  1.8
Stealth        | |  1.5
Spellcasting   | |  4.3
Translocations | |  0.7

Action                   || total
-------------------------++-------
Melee: Unarmed           ||     6
       Dagger            ||     6
 Cast: Magic Dart        ||    51
  Use: Scroll            ||     1
Armor: Robe              ||    10
Dodge: Dodged            ||    24

Table legend:
 A = Non-vault XP
 B = Vault XP
 C = Vault XP percentage of total XP
 D = Non-vault monster count
 E = Vault monster count
 F = Vault count percentage of total count
                 A         B        C        D         E       F
            +---------+---------+-------+---------+---------+-------
      Total |      34 |       0 |   0.0 |      21 |       0 |   0.0
            +---------+---------+-------+---------+---------+-------
        D:1 |      33 |       0 |   0.0 |      20 |       0 |   0.0
        D:2 |       1 |       0 |   0.0 |       1 |       0 |   0.0
            +---------+---------+-------+---------+---------+-------
